[Event "Titled Tuesday Blitz June 28 Late 2022"]
[White "Aggelis, Nikolaos"]
[Black "Steinberg, Nitzan"]
[WhiteFideId "4213220"]
[BlackFideId "2801795"]
[WhiteElo "2154"]
[BlackElo "2471"]
[Result "1/2-1/2"]
[Round "03"]
[TimeControl "180+1"]
[Date "2022.06.28"]
[WhiteClock "0:00:02"]
[BlackClock "0:00:07"]

1. d4 g6 2. g3 Bg7 3. Nf3 d5 4. Bg2 Nd7 5. O-O Ngf6 6. Nbd2 Nb6 7. b3 a5 8. c4 c6 9. Bb2 O-O 10. a3 Bf5 11. Ne5 Nfd7 12. Nd3 dxc4 13. Nxc4 a4 14. Rc1 axb3 15. Ne3 Bxd3 16. Qxd3 Na4 17. Qxb3 Nxb2 18. Qxb2 Qb6 19. Qxb6 Nxb6 20. d5 Rxa3 21. dxc6 bxc6 22. Rxc6 Na4 23. Ra6 Rc8 24. Bc6 Rxe3 25. fxe3 Nc5 26. Ra8 Rxa8 27. Bxa8 e6 28. Kf2 Be5 29. Rc1 Bd6 30. Bf3 Kg7 31. h4 h5 32. Rc4 Kf6 33. Rc2 Ke7 34. Ra2 Kf6 35. Bc6 Be7 36. Ra7 Nb3 37. Rb7 Nd2 38. Bf3 Nc4 39. Rc7 Nd6 40. Ra7 Nf5 41. Ra5 Bd6 42. g4 hxg4 43. Bxg4 Nxh4 44. e4 Be5 45. Rb5 g5 46. e3 Ng6 47. Rb7 Ne7 48. Bh5 Bd6 49. Kf3 Be5 50. Kf2 Bd6 51. Kf3 Be5 52. Kf2 1/2-1/2


[Site "https://www.chess.com"]

[Event "Titled Tuesday Blitz June 28 Late 2022"]
[White "Al-Tarboush, Ward"]
[Black "Salem, A.R. Saleh"]
[WhiteFideId "7601450"]
[BlackFideId "9301348"]
[WhiteElo "2249"]
[BlackElo "2679"]
[Result "0-1"]
[Round "03"]
[TimeControl "180+1"]
[Date "2022.06.28"]
[WhiteClock "0:00:01"]
[BlackClock "0:00:13"]

1. e4 c5 2. Nf3 d6 3. d4 cxd4 4. Nxd4 Nf6 5. Nc3 a6 6. h3 e6 7. g4 Be7 8. g5 Nfd7 9. h4 b5 10. Be3 b4 11. Nce2 Bb7 12. Bg2 Nc6 13. Nxc6 Bxc6 14. Qd4 O-O 15. Qxb4 Rb8 16. Qd4 Qc7 17. O-O Ne5 18. Ng3 Bb5 19. Rfc1 Nc4 20. b3 Nxe3 21. Qxe3 d5 22. exd5 Bc5 23. Qf3 exd5 24. Nh5 Rfe8 25. Re1 Bf8 26. Qxd5 Qxc2 27. Be4 Qc8 28. Bf5 Qc6 29. Bxh7+ Kxh7 30. Qxf7 Kh8 31. Rac1 Rxe1+ 32. Rxe1 Re8 33. Kh2 Qd6+ 0-1


[Site "https://www.chess.com"]

[Event "Titled Tuesday Blitz June 28 Late 2022"]
[White "Antonova, Nadezhda"]
[Black "Sargsyan, Anna M."]
[WhiteFideId "14700182"]
[BlackFideId "13308130"]
[WhiteElo "1746"]
[BlackElo "2271"]
[Result "0-1"]
[Round "03"]
[TimeControl "180+1"]
[Date "2022.06.29"]
[WhiteClock "0:00:03"]
[BlackClock "0:01:05"]

1. Nf3 d5 2. b3 Nf6 3. Bb2 Bf5 4. g3 e6 5. Bg2 Be7 6. O-O O-O 7. d3 h6 8. Nbd2 Nbd7 9. c4 c6 10. Qc2 Re8 11. a3 a5 12. Ne5 Nxe5 13. Bxe5 Nd7 14. Bc3 b5 15. e4 Bg6 16. cxd5 cxd5 17. exd5 Nc5 18. Ne4 exd5 19. Nxc5 Bxc5 20. Qb2 f6 21. b4 axb4 22. axb4 Rxa1 23. Rxa1 Bb6 24. Bd4 Bxd3 25. Bxb6 Qxb6 26. Bxd5+ Kh7 27. Qd2 Qd4 28. Rd1 Qxd5 29. Qxd3+ Qxd3 30. Rxd3 Re4 31. Rb3 Kg6 32. Kg2 Kf5 33. Kf3 Rc4 34. Ke3 Kg4 35. h4 g5 36. hxg5 fxg5 37. Ke2 h5 38. Kf1 Kh3 39. Ke2 Kg2 40. f4 gxf4 41. gxf4 Rxf4 42. Ke3 Rg4 43. Rb2+ Kh3 44. Kf3 h4 45. Rb1 Rg3+ 46. Ke4 Kh2 47. Kd5 h3 48. Kc5 Rg5+ 49. Kc6 Kg2 50. Rb2+ Kg3 51. Rb3+ Kh4 52. Rb2 Rg2 53. Rb1 Rg5 54. Rb2 Kg4 55. Kb6 Rh5 0-1


[Site "https://www.chess.com"]

[Event "Titled Tuesday Blitz June 28 Late 2022"]
[White "Araujo Sanchez, Josue"]
[Black "Terry, Renato"]
[WhiteFideId "6416896"]
[BlackFideId "3803457"]
[WhiteElo "2339"]
[BlackElo "2577"]
[Result "1-0"]
[Round "03"]
[TimeControl "180+1"]
[Date "2022.06.28"]
[WhiteClock "0:00:16"]
[BlackClock "0:00:02"]

1. Nf3 Nf6 2. b3 d5 3. Bb2 Bg4 4. e3 c6 5. h3 Bh5 6. Be2 Nbd7 7. O-O e6 8. c4 Bd6 9. d3 O-O 10. Nbd2 e5 11. Rc1 Re8 12. cxd5 cxd5 13. Rc2 Qa5 14. Qa1 Bb4 15. Bc3 e4 16. Bxb4 Qxb4 17. dxe4 dxe4 18. Nd4 Bxe2 19. Nxe2 Ne5 20. Qd4 Qxd4 21. Nxd4 Nd3 22. Rc7 Rab8 23. Rd1 Rec8 24. Rxc8+ Rxc8 25. Nb5 Nb2 26. Rb1 Rc2 27. Nc4 Nd3 28. Nxa7 Rxa2 29. Nb5 Rxf2 30. Nbd6 h5 31. Nxb7 Rc2 32. Nbd6 Nb4 33. Ra1 h4 34. Ra8+ Kh7 35. Nxf7 Nd3 36. Ra1 Kg6 37. Nfd6 Rc3 38. Rb1 Nb4 39. Nb5 Rc2 40. Nd4 Ra2 41. Ne5+ Kh7 42. Rf1 Nfd5 43. Ne6 Nd3 44. Nf8+ Kh6 45. Nf7+ Kh5 46. Rf5+ g5 47. Rxg5# 1-0


[Site "https://www.chess.com"]

[Event "Titled Tuesday Blitz June 28 Late 2022"]
[White "Bach, Matthias"]
[Black "Sanchez Alarcon, Juan"]
[WhiteFideId "4603168"]
[BlackFideId "3401332"]
[WhiteElo "2165"]
[BlackElo "2164"]
[Result "0-1"]
[Round "03"]
[TimeControl "180+1"]
[Date "2022.06.29"]
[WhiteClock "0:00:59"]
[BlackClock "0:01:46"]

1. d4 Nf6 2. c4 g6 3. Nc3 Bg7 4. e4 d6 5. f4 O-O 6. Nf3 c5 7. d5 e6 8. Be2 exd5 9. cxd5 Re8 10. e5 dxe5 11. fxe5 Nfd7 12. e6 fxe6 13. O-O exd5 14. Qxd5+ Kh8 15. Ng5 Ne5 16. Qxd8 Rxd8 17. Bf4 Nbc6 18. Bb5 Rf8 19. Nce4 b6 20. Nd6 h6 21. Bxc6 Nxc6 22. Ngf7+ Kh7 23. Rae1 Bf5 24. b3 a5 25. Nxf5 Rxf7 26. Nxg7 Rxg7 27. Re6 Rc8 28. Bd2 b5 29. Bc3 Nd4 30. Rd6 Ne2+ 0-1


[Site "https://www.chess.com"]

[Event "Titled Tuesday Blitz June 28 Late 2022"]
[White "Baches Garcia, Guillermo"]
[Black "Holt, Conrad"]
[WhiteFideId "2209764"]
[BlackFideId "2034387"]
[WhiteElo "2505"]
[BlackElo "2875"]
[Result "0-1"]
[Round "03"]
[TimeControl "180+1"]
[Date "2022.06.29"]
[WhiteClock "0:00:22"]
[BlackClock "0:01:06"]

1. e4 e6 2. d4 d5 3. exd5 exd5 4. Nf3 Bd6 5. c4 c6 6. Nc3 Ne7 7. Bd3 O-O 8. O-O dxc4 9. Bxc4 Nd7 10. Bg5 Nb6 11. Bb3 Kh8 12. Re1 f6 13. Be3 Bg4 14. h3 Bh5 15. Ne4 Bb4 16. Bd2 Bxd2 17. Nexd2 Ned5 18. Nf1 Re8 19. Rxe8+ Qxe8 20. Ng3 Nf4 21. Nxh5 Qxh5 22. Kh2 Re8 23. Ng1 Qxd1 24. Rxd1 g6 25. Kg3 Nbd5 26. Kf3 Kg7 27. g3 Ne6 28. Bxd5 cxd5 29. Ne2 Ng5+ 0-1


[Site "https://www.chess.com"]

[Event "Titled Tuesday Blitz June 28 Late 2022"]
[White "Bachmann, Axel"]
[Black "Garcia, Gabriel Gonzaga"]
[WhiteFideId "3700488"]
[BlackFideId "2138956"]
[WhiteElo "2587"]
[BlackElo "2240"]
[Result "0-1"]
[Round "03"]
[TimeControl "180+1"]
[Date "2022.06.29"]
[WhiteClock "0:00:02"]
[BlackClock "0:01:14"]

1. e4 c6 2. d4 d5 3. Nd2 dxe4 4. Nxe4 Nf6 5. Nxf6+ exf6 6. Nf3 Bd6 7. c3 O-O 8. Be2 Re8 9. O-O Bg4 10. Re1 Qc7 11. h3 Bh5 12. Nh4 Bxe2 13. Rxe2 Nd7 14. Nf5 Bf4 15. Bxf4 Qxf4 16. Qd3 g6 17. Ng3 f5 18. Rae1 Rxe2 19. Qxe2 Nf6 20. Qe5 Qd2 21. Re2 Qc1+ 22. Kh2 Nd5 23. Qd6 f4 24. Ne4 Qd1 25. Rd2 Qe1 26. f3 Re8 27. Rc2 Rxe4 28. Qd8+ Kg7 29. fxe4 Ne3 30. Qd6 Qg3+ 31. Kh1 Nxc2 32. Qe5+ Kh6 33. d5 Ne3 0-1


[Site "https://www.chess.com"]

[Event "Titled Tuesday Blitz June 28 Late 2022"]
[White "Barria Zuniga, Daniel"]
[Black "Rasulov, Vugar"]
[WhiteFideId "3400816"]
[BlackFideId "13402390"]
[WhiteElo "2414"]
[BlackElo "2560"]
[Result "0-1"]
[Round "03"]
[TimeControl "180+1"]
[Date "2022.06.28"]
[WhiteClock "0:01:34"]
[BlackClock "0:02:07"]

1. d4 Nf6 2. c4 c6 3. Nf3 d5 4. Nc3 e6 5. Bg5 Nbd7 6. e3 Qa5 7. Nd2 Bb4 8. Qc2 O-O 9. Rc1 h6 10. Bh4 Re8 11. a3 Bf8 12. b4 Qxa3 13. c5 Qxb4 14. Ra1 b5 15. Be2 e5 16. Bxf6 Nxf6 17. Nf3 Ne4 18. Nxe5 Rxe5 19. dxe5 Qxc3+ 20. Qxc3 Nxc3 0-1


[Site "https://www.chess.com"]

[Event "Titled Tuesday Blitz June 28 Late 2022"]
[White "Bashirli, Nail"]
[Black "Meunier-Pion, Jean"]
[WhiteFideId "13406809"]
[BlackFideId "20685327"]
[WhiteElo "2641"]
[BlackElo "2455"]
[Result "0-1"]
[Round "03"]
[TimeControl "180+1"]
[Date "2022.06.29"]
[WhiteClock "0:00:36"]
[BlackClock "0:00:10"]

1. e4 c5 2. Nc3 d6 3. Bb5+ Bd7 4. Bxd7+ Qxd7 5. Nge2 Nf6 6. O-O g6 7. d3 Bg7 8. f4 Nc6 9. h3 h5 10. Be3 e6 11. a3 b6 12. Qe1 d5 13. Bd2 Nd4 14. e5 Nxc2 15. exf6 Nxe1 16. fxg7 Rg8 17. Raxe1 Rxg7 18. d4 f6 19. Be3 Rc8 20. Rd1 a5 21. Nc1 c4 22. a4 Qd6 23. N1a2 Kd7 24. Nb5 Qe7 25. Nac3 Kc6 26. Rde1 g5 27. f5 g4 28. h4 g3 29. Bf4 e5 30. dxe5 fxe5 31. f6 Qxf6 32. Bg5 Qg6 0-1


[Site "https://www.chess.com"]

[Event "Titled Tuesday Blitz June 28 Late 2022"]
[White "Bayo Milagro, Alvaro"]
[Black "Ibarra Jerez, Jose Carlos"]
[WhiteFideId "22275240"]
[BlackFideId "2226332"]
[WhiteElo "2270"]
[BlackElo "2628"]
[Result "0-1"]
[Round "03"]
[TimeControl "180+1"]
[Date "2022.06.28"]
[WhiteClock "0:00:03"]
[BlackClock "0:00:05"]

1. d4 d6 2. c4 e5 3. Nc3 exd4 4. Qxd4 Nc6 5. Qd2 Nf6 6. b3 Be6 7. e4 a5 8. f3 Be7 9. Bd3 O-O 10. Nge2 Ne5 11. Bc2 a4 12. Rb1 axb3 13. axb3 c5 14. O-O Nc6 15. Bb2 Nd7 16. Nd5 Bxd5 17. cxd5 Nb4 18. Ra1 Rxa1 19. Rxa1 Bf6 20. Bc3 Qb6 21. Kh1 Re8 22. Ng3 g6 23. Bd1 Bxc3 24. Qxc3 Ne5 25. Be2 h5 26. Nf1 Nd7 27. Ne3 Qd8 28. Bb5 Re7 29. Nc4 Ne5 30. Ne3 Kh7 31. Rf1 Qa5 32. Bc4 b5 33. Be2 Nd7 34. Ra1 Qb6 35. Ra8 Nb8 36. g4 Qb7 37. Ra5 Nd7 38. gxh5 Ne5 39. hxg6+ fxg6 40. f4 Nd7 41. Bf3 Rf7 42. f5 Ne5 43. Ng4 Qe7 44. Ra8 Qg5 45. Nxe5 dxe5 46. Qxe5 Qc1+ 47. Kg2 Qd2+ 48. Kh3 Qh6+ 49. Kg2 Qg5+ 50. Kf1 Rg7 51. Qg3 Qc1+ 52. Kg2 gxf5 0-1


[Site "https://www.chess.com"]

[Event "Titled Tuesday Blitz June 28 Late 2022"]
[White "Berant"]
[Black "Katz, Alexander"]
[BlackFideId "2039796"]
[WhiteElo "2445"]
[BlackElo "2371"]
[Result "0-1"]
[Round "03"]
[TimeControl "180+1"]
[Date "2022.06.29"]
[WhiteClock "0:00:10"]
[BlackClock "0:00:22"]

1. e4 e5 2. d4 exd4 3. Qxd4 Nc6 4. Qe3 Nf6 5. Bd2 g6 6. Nc3 Bg7 7. O-O-O O-O 8. h4 d5 9. exd5 Nxd5 10. Qf3 Nxc3 11. Bxc3 Qe7 12. Bxg7 Kxg7 13. h5 Qg5+ 14. Kb1 Bf5 15. Qc3+ Kg8 16. Nf3 Qe7 17. Bc4 Qb4 18. Qf6 Bxc2+ 19. Ka1 Qe7 20. Qxe7 Nxe7 21. Rd7 Nf5 22. hxg6 hxg6 23. Ne5 Nd6 24. Bd5 Rae8 25. f4 Be4 26. Bxe4 Nxe4 27. Nxg6 fxg6 28. Rhh7 Rxf4 29. a3 Ng5 30. Rhg7+ Kf8 31. Rxg6 Ne6 32. Rh6 Rg4 33. Rf6+ Kg8 34. Rff7 Rg7 35. Rxg7+ Nxg7 36. Rxc7 Rb8 37. b4 Kf8 38. b5 Ne6 39. Rc4 Ke7 40. a4 Rg8 41. Rc2 Rg4 42. Rb2 Rxa4+ 43. Kb1 Rg4 44. b6 a6 45. Re2 Kd6 46. Kb2 Nc5 47. Rd2+ Kc6 48. Rf2 Nd3+ 49. Kc3 Nxf2 50. Kd2 Rxg2 51. Ke3 Kxb6 52. Kf3 Rg6 53. Ke3 Rc6 54. Kd4 a5 55. Kd5 a4 56. Kd4 a3 57. Kd5 a2 58. Ke5 a1=Q+ 59. Kd5 Rc5+ 60. Kd6 Qe5+ 0-1


[Site "https://www.chess.com"]

[Event "Titled Tuesday Blitz June 28 Late 2022"]
[White "Bluebaum, Matthias"]
[Black "Colpe, Malte"]
[WhiteFideId "24651516"]
[BlackFideId "24623075"]
[WhiteElo "2556"]
[BlackElo "2328"]
[Result "1-0"]
[Round "03"]
[TimeControl "180+1"]
[Date "2022.06.28"]
[WhiteClock "0:01:25"]
[BlackClock "0:00:18"]

1. d4 d5 2. c4 e6 3. Nc3 Nf6 4. cxd5 exd5 5. Bg5 c6 6. e3 Be7 7. Bd3 Nbd7 8. h3 O-O 9. Qc2 Re8 10. Nf3 g6 11. O-O Ne4 12. Bf4 Ndf6 13. Ne5 Bd6 14. f3 Nxc3 15. bxc3 Nh5 16. Bh2 Ng7 17. Rae1 f6 18. Ng4 Bxh2+ 19. Kxh2 Qd6+ 20. Kg1 c5 21. Nh6+ Kf8 22. Bxg6 hxg6 23. Qxg6 Qe6 24. e4 f5 25. Qh7 Qf6 26. exf5 1-0


[Site "https://www.chess.com"]

[Event "Titled Tuesday Blitz June 28 Late 2022"]
[White "Bobadilla Viera, Jorge Samuel"]
[Black "Donatti, Alvaro"]
[WhiteFideId "3906353"]
[BlackFideId "3000303"]
[WhiteElo "2202"]
[BlackElo "2138"]
[Result "1-0"]
[Round "03"]
[TimeControl "180+1"]
[Date "2022.06.29"]
[WhiteClock "0:01:07"]
[BlackClock "0:00:43"]

1. e4 c5 2. Nf3 e6 3. Nc3 Nc6 4. d4 cxd4 5. Nxd4 a6 6. Be3 Qc7 7. f4 b5 8. a3 Bb7 9. Qd2 Nf6 10. e5 Ng4 11. Bg1 Be7 12. h3 Nh6 13. O-O-O Rc8 14. Bd3 Nxd4 15. Bxd4 b4 16. axb4 Bxb4 17. Rhf1 Qa5 18. Kb1 Bd5 19. Qe3 Bxc3 20. Bxc3 Rxc3 21. bxc3 Qxc3 22. Kc1 O-O 23. Bxh7+ 1-0


[Site "https://www.chess.com"]

[Event "Titled Tuesday Blitz June 28 Late 2022"]
[White "Bolanos, Fernando"]
[Black "Marin Masis, Jose Esteban"]
[WhiteFideId "3304094"]
[BlackFideId "6508146"]
[WhiteElo "2048"]
[BlackElo "1710"]
[Result "1-0"]
[Round "03"]
[TimeControl "180+1"]
[Date "2022.06.29"]
[WhiteClock "0:00:08"]
[BlackClock "0:00:05"]

1. e4 c5 2. Nf3 Nc6 3. d4 cxd4 4. Nxd4 Nf6 5. Nc3 e5 6. Ndb5 d6 7. Nd5 Nxd5 8. exd5 Nb8 9. c4 a6 10. Nc3 Be7 11. Be2 O-O 12. O-O f5 13. f4 Nd7 14. Be3 exf4 15. Bxf4 Qb6+ 16. Kh1 Qxb2 17. Na4 Qf6 18. Rb1 Bd8 19. Qb3 b5 20. cxb5 axb5 21. Bxb5 Ne5 22. Bc6 Ra5 23. Qb4 g5 24. Bxe5 Qxe5 25. Nb6 Bxb6 26. Qxb6 Rxa2 27. Rfe1 Qf6 28. Qb3 Rd2 29. Qe3 Rd4 30. Rb8 f4 31. Qc3 Rd1 32. Qa5 Qd4 33. Rb1 Rd2 34. Be8 Bf5 35. Bh5 Qf2 36. Bf3 g4 37. Rf1 Qh4 38. Qxd2 gxf3 39. Rb7 fxg2+ 40. Qxg2+ Kh8 41. Qg7# 1-0


[Site "https://www.chess.com"]

[Event "Titled Tuesday Blitz June 28 Late 2022"]
[White "Bongo Akanga Ndjila, Barthelemy"]
[Black "Vidonyak, Roman"]
[WhiteFideId "10609431"]
[BlackFideId "14100622"]
[WhiteElo "1768"]
[BlackElo "2333"]
[Result "1/2-1/2"]
[Round "03"]
[TimeControl "180+1"]
[Date "2022.06.29"]
[WhiteClock "0:00:16"]
[BlackClock "0:00:04"]

1. d4 Nf6 2. c4 g6 3. Nc3 d5 4. cxd5 Nxd5 5. e4 Nxc3 6. bxc3 Bg7 7. Rb1 c5 8. Nf3 cxd4 9. cxd4 O-O 10. Be2 Qa5+ 11. Bd2 Qxa2 12. O-O Bg4 13. Rxb7 Bxf3 14. Bxf3 Bxd4 15. Bh6 Bg7 16. Bxg7 Kxg7 17. Rxe7 Nc6 18. Rc7 Ne5 19. Qd4 Rfe8 20. Bd1 Kg8 21. f4 Rad8 22. Qxa7 Qxa7+ 23. Rxa7 Nd3 24. Bb3 Rxe4 25. Bxf7+ Kh8 26. f5 gxf5 27. Rxf5 Re1+ 28. Rf1 Rxf1+ 29. Kxf1 Rf8 30. Ke2 Ne5 31. Bh5 Rf5 32. Bf3 Ng6 33. Be4 Re5 34. Kf3 Re8 35. Bxg6 hxg6 36. g4 Rf8+ 37. Kg3 Rd8 38. Kh4 Rd5 39. Kg3 Rc5 40. h4 Rd5 41. Kf4 Rc5 42. Rf7 Kg8 43. Rd7 Rb5 44. Re7 Rc5 45. Re5 Rc6 46. Kg5 Kf7 47. Ra5 Rd6 48. Ra7+ Kf8 49. Kh6 Rc6 50. g5 Rd6 51. h5 gxh5+ 52. Kxh5 Kg8 53. g6 Rd1 54. Ra8+ Kg7 55. Ra7+ Kg8 56. Ra4 Rh1+ 57. Rh4 Rg1 58. Rg4 Rh1+ 59. Kg5 Re1 60. Rf4 Rg1+ 61. Kf6 Rb1 62. Re4 Rf1+ 63. Kg5 Rg1+ 64. Rg4 Rf1 65. Rf4 Rg1+ 66. Kf6 Rd1 67. Rf5 Rd6+ 68. Kg5 Rd1 69. Kf6 Rd6+ 70. Kg5 Rd1 71. Re5 Rg1+ 72. Kf6 Rf1+ 73. Rf5 Rd1 74. Rb5 Rf1+ 75. Rf5 Rd1 76. Kg5 Rg1+ 77. Kf6 Rd1 1/2-1/2


[Site "https://www.chess.com"]

[Event "Titled Tuesday Blitz June 28 Late 2022"]
[White "Bortnyk, Mykola"]
[Black "Pershin, Denis"]
[WhiteFideId "14120836"]
[BlackFideId "24165506"]
[WhiteElo "2582"]
[BlackElo "2275"]
[Result "0-1"]
[Round "03"]
[TimeControl "180+1"]
[Date "2022.06.28"]
[WhiteClock "0:00:21"]
[BlackClock "0:00:31"]

1. e4 c6 2. d4 d5 3. Bd3 dxe4 4. Bxe4 Nf6 5. Bf3 Bf5 6. Ne2 e6 7. O-O Nbd7 8. c4 Bd6 9. Nbc3 O-O 10. Bf4 Bxf4 11. Nxf4 h6 12. Re1 Qc7 13. Nfe2 Rad8 14. Ng3 Bh7 15. Qe2 Rfe8 16. Rad1 e5 17. dxe5 Rxe5 18. Qd2 Nf8 19. Qxd8 Rxe1+ 20. Nf1 Qxd8 21. Rxd8 Nd7 22. Be2 Rc1 23. Ra8 Rc2 24. Rxa7 Rxb2 25. Ne3 g5 26. g3 Nc5 27. Bg4 Nfe6 28. Bxe6 Nxe6 29. Ncd1 Rd2 30. Rxb7 Rxa2 31. Rb6 Be4 32. h4 Nd4 33. hxg5 hxg5 34. g4 Bf3 35. Rb8+ Kg7 36. Rd8 c5 37. Kh2 Bxd1 38. Nxd1 Rd2 39. Ne3 Nf3+ 40. Kg3 Rxd8 41. Kxf3 Kf6 42. Ke4 Rd4+ 43. Kf3 Ke5 44. Kg3 Rd3 45. Kf3 Kd4 46. Ke2 Rxe3+ 47. fxe3+ Kxc4 48. Kd2 Kd5 49. Kd3 c4+ 50. Kc3 Ke4 51. Kxc4 Kxe3 52. Kd5 Kf4 0-1


[Site "https://www.chess.com"]

[Event "Titled Tuesday Blitz June 28 Late 2022"]
[White "Bortnyk, Olexandr"]
[Black "Boruchovsky, Avital"]
[WhiteFideId "14120828"]
[BlackFideId "2800055"]
[WhiteElo "2723"]
[BlackElo "2466"]
[Result "0-1"]
[Round "03"]
[TimeControl "180+1"]
[Date "2022.06.28"]
[WhiteClock "0:00:01"]
[BlackClock "0:00:20"]

1. d4 Nf6 2. Nc3 d5 3. Bf4 c6 4. e3 Bf5 5. Nf3 h6 6. Ne5 Nbd7 7. Bd3 Bxd3 8. Nxd3 e6 9. O-O Be7 10. h3 O-O 11. Qf3 c5 12. dxc5 Nxc5 13. Nxc5 Bxc5 14. Rfd1 Qb6 15. Bxh6 Qxb2 16. Na4 Qxc2 17. Bxg7 Kxg7 18. Qg3+ Qg6 19. Qxg6+ Kxg6 20. Nxc5 b6 21. Nd3 Rac8 22. a4 Rc3 23. a5 Rfc8 24. axb6 axb6 25. Rab1 Nd7 26. e4 Nf6 27. Nf4+ Kg5 28. Ne2 Nxe4 29. Rxb6 Rc2 30. Re1 Rd2 31. f3 Nc5 32. Rb4 Nd3 33. Rd4 Rcc2 34. h4+ Kf6 35. Rxd3 Rxd3 36. Nf4 Rdd2 37. g4 e5 38. Nh5+ Kg6 39. f4 Rg2+ 40. Kh1 Rxg4 41. f5+ Kxh5 42. Rxe5 Rxh4+ 43. Kg1 Re4 0-1


[Site "https://www.chess.com"]

[Event "Titled Tuesday Blitz June 28 Late 2022"]
[White "Caputcuoglu, Zeki Berke"]
[Black "Kovacevic, Radmila"]
[WhiteFideId "34548610"]
[BlackFideId "933171"]
[WhiteElo "1368"]
[BlackElo "2115"]
[Result "1-0"]
[Round "03"]
[TimeControl "180+1"]
[Date "2022.06.29"]
[WhiteClock "0:00:40"]
[BlackClock "0:00:09"]

1. e4 e5 2. Nf3 d5 3. exd5 e4 4. Qe2 Nf6 5. d3 Qxd5 6. Nbd2 Be7 7. dxe4 Qd8 8. e5 Nd5 9. Ne4 Nc6 10. Bd2 Bg4 11. O-O-O O-O 12. h3 Nd4 13. Qd3 Bxf3 14. gxf3 c5 15. Rg1 Kh8 16. c3 Nc6 17. Bg5 Nc7 18. Qc2 Qe8 19. f4 Rd8 20. Bc4 h6 21. Bxe7 Qxe7 22. Rxd8 Rxd8 23. Nd6 Ne6 24. Qf5 Rf8 25. Qe4 Ned8 26. Rxg7 f5 27. Nxf5 Qxg7 28. Nxg7 Kxg7 29. f5 Nf7 30. f6+ Kh8 31. e6 Nd6 32. Qg6 1-0


[Site "https://www.chess.com"]

[Event "Titled Tuesday Blitz June 28 Late 2022"]
[White "Chen, Max"]
[Black "Siniauski, Artsiom"]
[WhiteFideId "2622440"]
[BlackFideId "13512269"]
[WhiteElo "2412"]
[BlackElo "2187"]
[Result "0-1"]
[Round "03"]
[TimeControl "180+1"]
[Date "2022.06.29"]
[WhiteClock "0:00:01"]
[BlackClock "0:00:33"]

1. e4 e6 2. d4 d5 3. Nd2 Nc6 4. Ngf3 Nf6 5. e5 Nd7 6. c3 f6 7. exf6 Qxf6 8. Bb5 Bd6 9. O-O O-O 10. Qe2 e5 11. Bxc6 bxc6 12. dxe5 Nxe5 13. Nxe5 Bxe5 14. Nf3 Bd6 15. Nd4 c5 16. Nb5 Ba6 17. c4 dxc4 18. Qxc4+ Kh8 19. Qa4 Bb7 20. Nxd6 cxd6 21. Qg4 d5 22. Bg5 Qg6 23. Qg3 Rae8 24. Rac1 Qb6 25. b3 d4 26. Bf4 Re6 27. Be5 Rg6 28. Qh3 Bxg2 29. Qxg2 Rxg2+ 30. Kxg2 Qg6+ 31. Bg3 d3 32. Rxc5 d2 33. Kg1 Qe4 34. Rc7 Rd8 35. f3 Qe3+ 36. Kh1 d1=Q 0-1


[Site "https://www.chess.com"]

[Event "Titled Tuesday Blitz June 28 Late 2022"]
[White "Chernomordik, Pavel"]
[Black "Pulpan, Jakub"]
[WhiteFideId "2804530"]
[BlackFideId "302759"]
[WhiteElo "2220"]
[BlackElo "2495"]
[Result "0-1"]
[Round "03"]
[TimeControl "180+1"]
[Date "2022.06.29"]
[WhiteClock "0:01:59"]
[BlackClock "0:01:55"]

1. e4 Nc6 2. Nf3 e5 3. Bb5 Nf6 4. Qe2 Bc5 5. O-O Nd4 6. Nxd4 Bxd4 7. c3 Bb6 8. Rd1 c6 9. Ba4 d6 10. d4 Qe7 11. h3 h6 12. dxe5 dxe5 13. Be3 O-O 14. Nd2 Be6 15. Nf3 Nd7 16. Bb3 Rad8 17. a4 Bxb3 0-1


[Site "https://www.chess.com"]

[Event "Titled Tuesday Blitz June 28 Late 2022"]
[White "Clawitter, Craig"]
[Black "Cruz, Cristhian"]
[WhiteFideId "2023105"]
[BlackFideId "3801969"]
[WhiteElo "2239"]
[BlackElo "2497"]
[Result "0-1"]
[Round "03"]
[TimeControl "180+1"]
[Date "2022.06.29"]
[WhiteClock "0:00:36"]
[BlackClock "0:01:47"]

1. e4 c5 2. Nf3 e6 3. d4 cxd4 4. Nxd4 Nf6 5. Nc3 d6 6. g4 h6 7. h4 Nc6 8. Rg1 h5 9. gxh5 Nxh5 10. Bg5 Qb6 11. Nb3 a6 12. Be2 g6 13. Qd2 Bd7 14. O-O-O Qxf2 15. Rdf1 Qb6 16. Bxh5 Rxh5 17. Qf4 Ne5 18. Nd2 Rxg5 19. hxg5 O-O-O 20. Rg3 Kb8 21. Nf3 Bg7 0-1


[Site "https://www.chess.com"]

[Event "Titled Tuesday Blitz June 28 Late 2022"]
[White "Coelho, Ramyres Santana"]
[Black "Melikhov, Evgeny V."]
[WhiteFideId "2120690"]
[BlackFideId "4122046"]
[WhiteElo "1888"]
[BlackElo "1904"]
[Result "0-1"]
[Round "03"]
[TimeControl "180+1"]
[Date "2022.06.29"]
[WhiteClock "0:00:21"]
[BlackClock "0:00:15"]

1. e4 c5 2. Nf3 d6 3. d4 cxd4 4. Nxd4 Nf6 5. Nc3 a6 6. f3 e5 7. Nb3 Be6 8. Be3 Be7 9. Qd2 O-O 10. O-O-O Nbd7 11. g4 b5 12. h4 Nb6 13. h5 Nc4 14. Bxc4 bxc4 15. Na1 Qb8 16. g5 Nd7 17. Nd5 Bxd5 18. exd5 Qb5 19. g6 Rfb8 20. gxf7+ Kxf7 21. c3 Rb7 22. Rh2 Rab8 23. Qg2 Qa4 24. a3 Nf6 25. Rd2 Rb5 26. Rc2 Nxd5 27. Bg5 Nf6 28. h6 g6 29. f4 exf4 30. Bxf4 Rf5 31. Be3 Qb5 32. Bd4 Qd5 33. Bxf6 Qxg2 34. Rhxg2 Bxf6 35. Rcf2 Rxf2 36. Rxf2 Ke6 37. Re2+ Kd7 38. Rf2 Rf8 39. Rh2 Bg5+ 40. Kb1 Rf4 41. Nc2 Rh4 42. Rf2 Rxh6 43. Nd4 Be7 44. Rf7 Rh5 45. Ka2 Rh2 46. Rf4 h5 47. Nf3 Rh3 48. Nd4 Rh4 49. Rf3 Rg4 50. b4 cxb3+ 51. Kxb3 h4 52. Rf7 Rg5 53. Rh7 Rh5 54. Rxh5 gxh5 55. Nf3 h3 56. Kc4 Bf6 57. Nh2 Be5 58. Nf3 h2 59. Nxh2 Bxh2 60. Kd5 Be5 61. c4 h4 62. Ke4 h3 63. Kf3 h2 64. Kg2 Kc6 65. a4 Kc5 66. Kh1 Kxc4 67. Kg2 d5 0-1


[Site "https://www.chess.com"]

[Event "Titled Tuesday Blitz June 28 Late 2022"]
[White "Colivet Gamboa, Julio Cesar"]
[Black "Silva, Miguel Antonio Neto"]
[WhiteFideId "3949583"]
[BlackFideId "1911929"]
[WhiteElo "1743"]
[BlackElo "2204"]
[Result "1-0"]
[Round "03"]
[TimeControl "180+1"]
[Date "2022.06.29"]
[WhiteClock "0:00:58"]
[BlackClock "0:00:37"]

1. c4 e5 2. Nc3 Nc6 3. g3 Bc5 4. Bg2 d6 5. e3 a6 6. Nge2 Ba7 7. O-O Nge7 8. b3 h5 9. h3 h4 10. g4 f5 11. gxf5 Bxf5 12. d4 Qd7 13. Kh2 g5 14. Nd5 O-O-O 15. dxe5 Nxe5 16. e4 Be6 17. Bb2 N7g6 18. Nd4 g4 19. Nxe6 Qxe6 20. hxg4 Nxg4+ 21. Qxg4 Qxg4 22. Bh3 Qxh3+ 23. Kxh3 Rhf8 24. f4 c6 25. f5 cxd5 26. fxg6 dxe4 27. Rxf8 Rxf8 28. g7 Rg8 29. Rf1 Kd7 30. Rf8 e3 31. Rxg8 e2 32. Bc3 Bd4 33. Be1 b5 34. Rd8+ 1-0


[Site "https://www.chess.com"]

[Event "Titled Tuesday Blitz June 28 Late 2022"]
[White "Corrales Jimenez, Fidel"]
[Black "Mortazavi, Ali"]
[WhiteFideId "3506690"]
[BlackFideId "401323"]
[WhiteElo "2541"]
[BlackElo "2339"]
[Result "1-0"]
[Round "03"]
[TimeControl "180+1"]
[Date "2022.06.28"]
[WhiteClock "0:00:24"]
[BlackClock "0:00:02"]

1. d4 Nf6 2. c4 g6 3. Nc3 Bg7 4. e4 O-O 5. Be2 d6 6. h4 h5 7. Bg5 c5 8. dxc5 Qa5 9. cxd6 Nxe4 10. dxe7 Re8 11. Qd8 Bxc3+ 12. Kf1 Bd7 13. bxc3 Qf5 14. Nf3 Na6 15. Rd1 Raxd8 16. exd8=Q Rxd8 17. Bxd8 Nxc3 18. Bd3 Ne4 19. Bxe4 Qxe4 20. Rxd7 Nc5 21. Rd1 Qc2 22. Re1 Nd3 23. Re8+ Kg7 24. Re2 Qd1+ 25. Ne1 Nxe1 26. Rxe1 Qxd8 27. Rh3 Qd4 28. Rc1 Qb2 29. Rhc3 Qxa2 30. c5 Qa6+ 31. Kg1 Qa4 32. g3 Qe4 33. c6 bxc6 34. Rxc6 a5 35. R6c4 Qd5 36. Ra4 1-0


[Site "https://www.chess.com"]